 Dungeon Crawl Stone Soup version 0.25.1-1-g288607f5aa (webtiles) character file.

Game seed: 4103293413715668583

591 Milting the Chiller (level 7, -1/32 HPs)
             Began as a Vine Stalker Ice Elementalist on July 18, 2020.
             Was an Initiate of Sif Muna.
             Slain by a nameless horror (11 damage)
             ... created by miscasting Summon Ice Beast
             ... on level 4 of the Dungeon.
             The game lasted 00:20:51 (5391 turns).

Milting the Chiller (Vine Stalker Ice Elementalist) Turns: 5391, Time: 00:20:51

Health: -1/32      AC:  2    Str: 10    XL:     7   Next: 39%
Magic:  0/15       EV: 12    Int: 17    God:    Sif Muna [......]
Gold:   196        SH:  0    Dex: 15    Spells: 11/16 levels left

rFire    + . .     SeeInvis .   (no weapon)
rCold    . . .     Gourm    .   (no shield)
rNeg     . . .     Faith    .   a - +0 robe
rPois    .         Spirit   +   (no helmet)
rElec    .         Reflect  .   (no cloak)
rCorr    .         Harm     .   (no gloves)
MR       .....                  (no boots)
Stlth    +++.......             (no amulet)
HPRegen  0.50/turn              j - ring of protection from fire
MPRegen  0.14/turn              (no ring)

@: very slightly contaminated
A: fangs 2, regeneration 1, magic shield, antimagic bite, no potion heal 3, rot
immunity
a: Renounce Religion


You were on level 4 of the Dungeon.
You worshipped Sif Muna.
Sif Muna was noncommittal.
You were hungry.

You visited 2 branches of the dungeon, and saw 6 of its levels.
You also visited: Ossuary.

You collected 196 gold pieces.

Inventory:

Missiles
 i - 136 stones (quivered)
 o - 28 arrows
Armour
 a - a +0 robe (worn)
Jewellery
 j - a ring of protection from fire (left hand)
Scrolls
 b - 2 scrolls of remove curse {unknown}
 d - a scroll of magic mapping {unknown}
 e - 5 scrolls of identify {unknown}
 g - a scroll of enchant armour {unknown}
 k - 2 scrolls of immolation {unknown}
 m - a scroll of teleportation {unknown}
 n - a scroll of amnesia {unknown}
 p - a scroll of random uselessness {unknown}
 r - 2 scrolls of fear {unknown}
 s - a scroll of noise {unknown}
 t - a scroll of fog {unknown}
Potions
 f - 2 potions of curing {unknown}
 h - 3 potions of haste {unknown}
 l - a potion of heal wounds
 q - a potion of resistance {unknown}
 u - a potion of brilliance {unknown}
 v - a potion of might {unknown}
Comestibles
 c - 9 rations


   Skills:
 - Level 1.5 Dodging
 + Level 5.0 Stealth
 * Level 5.2 Spellcasting
 * Level 6.3 Ice Magic


You had 11 spell levels left.
You knew the following spells:

 Your Spells              Type           Power        Failure   Level  Hunger
a - Freeze                Ice            ####         1%          1    None
b - Summon Ice Beast      Ice/Summ       ###.....     36%         4    ####...

Your spell library contained the following spells:

 Spells                   Type           Power        Failure   Level  Hunger
 Frozen Ramparts          Ice            ####..       3%          3    ###....
 Ozocubu's Armour         Chrm/Ice       ###.....     12%         3    ###....
 Hailstorm                Conj/Ice       ###.....     36%         4    ####...


Dungeon Overview and Level Annotations

Branches:
Dungeon (5/15)             Temple (1/1) D:4         Ossuary (visited)

Altars:
Ashenzari
Cheibriados
Dithmenos
Elyvilon
Fedhas
Gozag
Hepliaklqana
Kikubaaqudgha
Makhleb
Nemelex Xobeh
Okawaru
Qazlal
Ru
Sif Muna
Trog
Uskayaw
Vehumet
Wu Jian
Xom
Yredelemnul
Zin
The Shining One


Innate Abilities, Weirdness & Mutations

You have extremely sharp teeth.
Your natural rate of healing is unusually fast.
When hurt, damage is shared between your health and your magic reserves.
Your bite disrupts and absorbs the magic of your enemies.
Potions cannot restore your health.
You are immune to rotting.


Message History

The scorpion is severely wounded.
The nameless horror hits you.
You feel your power leaking away. The scorpion barely misses you.
Casting: Freeze (safe; 1% risk of failure)
Confirm with . or Enter, or press ? or * to list all spells.
You don't have enough magic to cast that spell.
Unknown command.
Casting: Freeze (safe; 1% risk of failure)
Confirm with . or Enter, or press ? or * to list all spells.
You don't know that spell.
You hit the scorpion.
The scorpion is almost dead.
The nameless horror hits you!
* * * LOW HITPOINT WARNING * * *
The scorpion closely misses you.
You hit the scorpion. Your bite misses the scorpion.
The scorpion is almost dead.
The nameless horror hits you!
You die...

.8.##.# #.......#
#########..# .####.#
#.##.#..### #..# ......#
#.....#...# #..# .######
#.......#.# #####..# (#
#.#...#.#.######..)....
.#
#.#.....#.............#
.#
##.......#..#####.####.#
.#
#.....s..#..####...##...
.###
#.####.@................
...# #.#
##.X....###........ .#.#
#.# #.#...#...........
.#.# #.#
#.##......#.#..... ##.#
#.# #.##..###.#.##....
#.#######.# #.....#
#......... #.........#
####..###.##.#####
########### #......##.#
#.#######.#


You could see a nameless horror and a scorpion.

Vanquished Creatures
  2 ogres
  A bullfrog (D:3)
  A scorpion (D:3)
  Jessica (D:2)
  Natasha (thrice) (D:2)
  Terence (D:2)
  An iguana (D:4)
  A howler monkey skeleton (D:4)
  5 adders
  8 worms
  A dart slug (D:2)
  5 leopard geckos
  2 orcs (D:3)
  7 giant cockroaches
  10 goblins
  10 hobgoblins
  10 jackals
  11 kobolds
  A quokka (D:2)
  A ball python (D:2)
  6 bats
  3 frilled lizards
  6 rats
97 creatures vanquished.

Notes
Turn   | Place    | Note
-------+----------+-------------------------------------------
     0 | D:1      | Milting the Vine Stalker Ice Elementalist began the quest
                  | for the Orb.
     0 | D:1      | Reached XP level 1. HP: 9/9 MP: 4/4
   339 | D:2      | Reached XP level 2. HP: 4/13 MP: 0/6
   929 | D:1      | Reached XP level 3. HP: 16/16 MP: 5/8
  1588 | D:2      | Noticed Jessica
  1603 | D:2      | Killed Jessica
  1773 | D:2      | Gained mutation: Your natural rate of healing is unusually
                  | fast. [Vine Stalker growth]
  1773 | D:2      | Reached XP level 4. HP: 19/21 MP: 5/9
  2033 | D:2      | Noticed Natasha
  2040 | D:2      | Killed Natasha
  2169 | D:2      | Noticed Terence
  2201 | D:2      | Killed Terence
  2201 | D:2      | Reached skill level 5 in Ice Magic
  2201 | D:2      | Reached XP level 5. HP: 22/24 MP: 5/11
  2664 | D:2      | Noticed Natasha
  2670 | D:2      | Killed Natasha
  2812 | D:2      | Noticed Natasha
  2817 | D:2      | Killed Natasha
  2953 | D:2      | Reached XP level 6. HP: 28/28 MP: 10/13
  3724 | D:3      | Found an opulent altar of Gozag.
  4296 | D:4      | Found a sand-covered staircase.
  4309 | D:4      | Reached skill level 6 in Ice Magic
  4423 | D:4      | Reached XP level 7. HP: 32/32 MP: 12/15
  4454 | Ossuary  | Entered an ossuary
  4510 | D:3      | Reached skill level 5 in Spellcasting
  4598 | D:3      | Reached skill level 5 in Stealth
  4714 | D:4      | Found a staircase to the Ecumenical Temple.
  4727 | Temple   | Entered the Ecumenical Temple
  4765 | Temple   | Became a worshipper of Sif Muna the Loreminder
  4889 | D:4      | Learned a level 4 spell: Summon Ice Beast
  5360 | D:5      | Entered Level 5 of the Dungeon
  5371 | D:5      | Noticed a nameless horror
  5391 | D:4      | Slain by a nameless horror

Illustrated notes

Levels and vault maps discovered:
D:1:      giann_bridges, layout_basic, serial_rivers,
          chequers_serial_rivers_small_b, chequers_serial_rivers_room_a,
          chequers_serial_rivers_small_a, chequers_serial_rivers_micro_a,
          chequers_serial_rivers_micro_e, st_stairs_11, minivault_24
D:2:      layout_basic, minmay_quantized, uniq_jessica, uniq_natasha,
          uniq_terence
D:3:      layout_rooms, nicolae_gozag_seed_capital
D:4:      layout_loops_ring, minmay_temple_entry_statues_pillars, first_ration,
          nicolae_ossuary_entry_ruins, cheibrodos_sewer_entry_bend
D:5:      layout_cave_pools, serial_shops, shop, st_stairs_12,
          kennysheep_diamond, fedhas_altar_2, uniq_pikel
Temple:   nicolae_temple_the_god_donut

Skill      XL: |  1  2  3  4  5  6  7 |
---------------+----------------------+-----
Stealth        | 3 4 5 |  5.0
Spellcasting   | 3 4 5 |  5.2
Ice Magic      | 5 6 |  6.3
Dodging        | |  1.5

Action                   |  1- 3 |  4- 6 |  7- 9 || total
-------------------------+-------+-------+-------++-------
Melee: Unarmed           |     9 |    16 |    12 ||    37
       Bite              |     3 |     4 |     4 ||    11
Throw: Stone             |       |    11 |       ||    11
 Cast: Freeze            |    49 |   134 |    24 ||   207
 Stab: Sleeping          |       |     1 |       ||     1
  Eat: Chunk             |     3 |     8 |     3 ||    14
Armor: Robe              |     4 |     9 |     2 ||    15
Dodge: Dodged            |    34 |    72 |    21 ||   127
